 Dungeon Crawl Stone Soup version 0.26-a0-690-gcb57259078 (webtiles) character file.

Game seed: 16086573290987625642

134180 marklar909 the Geomancer (level 17, -5/128 HPs)
             Began as a Formicid Earth Elementalist on Oct 23, 2020.
             Was the Champion of the Shining One.
             Slain by an entropy weaver (9 damage)
             ... on level 2 of the Spider Nest on Oct 24, 2020.
             The game lasted 01:27:59 (43210 turns).

marklar909 the Geomancer (FoEE)                    Turns: 43210, Time: 01:28:01

Health: -5/128     AC:  0    Str: 18    XL:     17   Next: 74%
Magic:  23/33      EV: 18    Int: 17    God:    the Shining One [******]
Gold:   1912       SH: 15    Dex: 17    Spells: 7/41 levels left

rFire    + . .     SeeInvis +   l - +3 whip of Qextuimacu {venom, Stlth+}
rCold    + . .     Faith    .   z - +2 kite shield {rC+}
rNeg     + + +     Spirit   .   G - +1 leather armour of Untold Secrets {rElec Regen+ Str+2 Int-2}
rPois    .         Reflect  .   (helmet unavailable)
rElec    +         Harm     .   C - +2 cloak {Stlth+}
rCorr    .         Rampage  .   H - +2 pair of gloves
MR       +....                  Y - +1 pair of boots
Stlth    ++........             n - amulet of the acrobat
HPRegen  0.71/turn              g - ring of protection from fire
MPRegen  0.23/turn              J - +6 ring of dexterity

@: marked, corroded, glowing
A: permanent stasis, dig shafts and tunnels, four strong arms, antennae 3
a: Dig, Shaft Self, Divine Shield, Cleansing Flame, Summon Divine Warrior, Brand
Weapon With Holy Wrath, Renounce Religion


You were on level 2 of the Spider Nest.
You worshipped the Shining One.
The Shining One was exalted by your worship.
You visited 5 branches of the dungeon, and saw 27 of its levels.
You visited 1 bazaar.
You also visited: Ice Cave.

You collected 2824 gold pieces.
You spent 912 gold pieces at shops.

Inventory:

Hand Weapons
 l - the +3 whip of Qextuimacu (weapon) {venom, Stlth+}
   (You bought it in a shop on level 2 of the Orcish Mines)

   It poisons the flesh of those it strikes.
   It makes you more stealthy.
 S - a +6 great mace of protection
Missiles
 b - 540 stones (quivered)
 q - 30 javelins
 u - 8 silver javelins
Armour
 z - a +2 kite shield of cold resistance (worn)
 C - a +2 cloak of stealth (worn)
 G - the +1 leather armour of Untold Secrets (worn) {rElec Regen+ Str+2 Int-2}
   (You found it on level 9 of the Dungeon)

   It affects your strength (+2).
   It affects your intelligence (-2).
   It insulates you from electricity.
   It increases your rate of regeneration.
 H - a +2 pair of gloves (worn)
 Y - a +1 pair of boots (worn)
Jewellery
 g - a ring of protection from fire (left hand)
 n - an amulet of the acrobat (around neck)
 w - an uncursed ring of protection from magic
 J - a +6 ring of dexterity (right hand)
Wands
 c - a wand of flame (14)
 i - a wand of polymorph (7)
 j - a wand of digging (4)
 A - a wand of iceblast (8)
 P - a wand of paralysis (21)
 Q - a wand of acid (15)
Scrolls
 a - 19 scrolls of remove curse
 o - 9 scrolls of identify
 r - 2 scrolls of immolation
 E - 3 scrolls of fog
 F - 3 scrolls of amnesia
 R - 2 scrolls of holy word
 V - a scroll of fear
Potions
 d - 4 potions of cancellation
 e - 2 potions of stabbing {unknown}
 f - 9 potions of curing
 h - a potion of resistance
 m - 5 potions of lignification
 t - 5 potions of mutation
 x - 2 potions of brilliance
 B - 3 potions of magic
 D - 3 potions of heal wounds
 N - 5 potions of flight
 T - 2 potions of ambrosia
 Z - a potion of might
Miscellaneous
 M - a phantom mirror


   Skills:
 * Level 10.0 Fighting
 * Level 12.8 Maces & Flails
 + Level 3.1 Armour
 * Level 8.9 Dodging
 + Level 5.0 Stealth
 + Level 12.0 Shields
 - Level 12.7 Spellcasting
 + Level 7.0 Conjurations
 * Level 9.7 Transmutations
 + Level 14.6 Earth Magic
 * Level 8.4 Invocations
 + Level 0.8 Evocations


You had 7 spell levels left.
You knew the following spells:

 Your Spells              Type           Power        Failure   Level
a - Sandblast             Erth           ######       1%          1
b - Stone Arrow           Conj/Erth      #####.       1%          3
c - Petrify               Tmut/Erth      ######..     1%          4
d - Lee's Rapid Deconstr  Erth           ######....   1%          5
e - Bolt of Magma         Conj/Fire/Erth #####.....   11%         5
f - Iron Shot             Conj/Erth      #####.....   14%         6
g - Statue Form           Tmut/Erth      ######...    8%          6
h - Leda's Liquefaction   Hex/Erth       #####.....   3%          4

Your spell library contained the following spells:

 Spells                   Type           Power        Failure   Level
 Magic Dart               Conj           ####         1%          1
 Shock                    Conj/Air       ###.         1%          1
 Passwall                 Tmut/Erth      ######..     1%          2
 Searing Ray              Conj           ####..       1%          2
 Dazzling Flash           Conj/Hex       ###...       5%          3
 Static Discharge         Conj/Air       ###.....     5%          3
 Ignite Poison            Fire/Tmut/Pois ###.....     6%          3
 Freeze                   Ice            ##..         8%          1
 Summon Small Mammal      Summ           ##..         8%          1
 Call Imp                 Summ           ##......     12%         2
 Fulminant Prism          Conj/Hex       ###.......   19%         4
 Hailstorm                Conj/Ice       ###.....     19%         4
 Iskenderun's Mystic Bla  Conj/Tloc      ###.....     19%         4
 Call Canine Familiar     Summ           ##......     22%         3
 Frozen Ramparts          Ice            ##....       22%         3
 Ozocubu's Armour         Ice            ##......     22%         3
 Summon Guardian Golem    Hex/Summ       ##......     22%         3
 Fireball                 Conj/Fire      ###.......   43%         5
 Lightning Bolt           Conj/Air       ###.......   45%         5
 Airstrike                Air            ##........   58%         4
 Summon Ice Beast         Ice/Summ       ##......     58%         4
 Summon Lightning Spire   Summ/Air       ##......     58%         4
 Starburst                Conj/Fire      ###.......   95%         6
 Ignition                 Fire           ##........   100%        8
 Shatter                  Erth           ######....   100%        9
 Swiftness                Air            Unusable     N/A         2

Dungeon Overview and Level Annotations

Branches:
Dungeon (15/15)            Temple (1/1) D:6            Lair (6/6) D:11
 Shoals (0/4) Lair:4       Spider (3/4) Lair:4        Slime (0/5) Lair:5
    Orc (2/2) D:12            Elf (0/3) Orc:2        Vaults (0/5) D:14
 Depths (0/5) D:15          IceCv (visited)

Altars:
Ashenzari
Cheibriados
Dithmenos
Elyvilon
Fedhas
Gozag
Hepliaklqana
Kikubaaqudgha
Makhleb
Nemelex Xobeh
Okawaru
Qazlal
Ru
Sif Muna
Trog
Uskayaw
Vehumet
Wu Jian
Xom
Yredelemnul
Zin
The Shining One
Jiyva

Shops:
D:6 (   D:9 *   D:14 *   Orc:2 *=([

Annotations:
D:7 1 runed translucent door, tinescath's ghost, novice GrEE
Lair:2 3 runed translucent doors, robertstho's ghost, journeyman GnSu
Lair:4 exclusion: 2 oklob plants


Innate Abilities, Weirdness & Mutations

You cannot be hasted, slowed, berserked, paralysed or teleported.
You can dig through walls and to a lower floor.
Your four strong arms can wield two-handed weapons with a shield.
You have a pair of large antennae on your head. (SInv)


Message History

You block the entropy weaver's attack. x2
The entropy weaver closely misses you. The entropy weaver hits you.
* * * LOW HITPOINT WARNING * * *
You hit the tarantella but do no damage.
The tarantella looks as sick as possible!
The tarantella is heavily wounded.
You block the tarantella's attack. The redback bites you.
* * * LOW HITPOINT WARNING * * *
You are poisoned.
The redback poisons you! The redback bites you.
* * * LOW HITPOINT WARNING * * *
You are more poisoned.
The redback poisons you!
You feel better. The tarantella completely misses you.
You block the redback's attack. The entropy weaver hits you.
* * * LOW HITPOINT WARNING * * *
The entropy weaver hits you!
* * * LOW HITPOINT WARNING * * *
The entropy weaver hits you!
You die...

..####..##..#### ###
...##....#....^####.#
..####..##....#.##†##
##.......###...####.#
#.............#....#
##^............##.##
####..##.....#####
#..#........##
##.......#.B@###
###...##.#...sss.##
##^.........^.#....#
##.#....#...........#
.^.#.....#..........#
#......#..#.#.......#
....#.###.....#.#...#
...####............^#
#### #.....#..>.#...#


You could see an entropy weaver (extremely poisoned), a tarantella (extremely
poisoned) and 2 redbacks.

Vanquished Creatures
  Agnes (D:15)
  A fire giant (D:15)
  An emperor scorpion (Spider:2)
  A ghost moth (Spider:2)
  An orc warlord (Orc:2)
  An entropy weaver (Spider:1)
  Nessos (D:14)
  A spark wasp (Spider:2)
  An ice dragon (D:13)
  8 vault guards (D:14)
  Erolcha (D:9)
  6 boulder beetles
  6 hydras
  2 catoblepae
  5 two-headed ogres
  5 centaur warriors
  A death knight (D:14)
  6 death yaks
  A deep troll shaman (Lair:6)
  2 tengu warriors
  Urug (D:12)
  2 orc high priests
  A deep elf knight (D:13)
  Nergalle (Lair:4)
  2 deep trolls (D:10)
  2 iron trolls (D:10)
  A phantasmal warrior (D:14)
  A lindwurm (Lair:6)
  5 unseen horrors
  A deep elf archer (D:15)
  16 wolf spiders
  8 orb spiders
  7 orc knights
  A deep elf mage (D:14)
  A necromancer (IceCv)
  4 orc sorcerers
  9 ugly things
  A manticore (D:13)
  19 elephants
  A moth of wrath (Spider:2)
  2 cyclopes
  Joseph (D:7)
  A black mamba (Lair:5)
  5 ice statues
  3 gargoyles
  A cane toad (shapeshifter) (D:14)
  13 cane toads
  5 torpor snails
  2 rime drakes
  Maggie (D:7)
  11 demonic crawlers
  A centaur skeleton (D:14)
  12 komodo dragons
  2 tengu conjurers (D:13)
  A freezing wraith (D:14)
  An efreet (D:15)
  5 ice devils (IceCv)
  A polar bear (shapeshifter) (D:13)
  4 polar bears
  17 jumping spiders
  15 trolls
  4 hornets
  4 blink frogs
  A meliai zombie (D:13)
  A snapping turtle (Lair:4)
  2 dream sheep (Lair:6)
  27 redbacks
  2 centaur simulacra
  2 shadows
  4 wraiths
  53 yaks
  6 wyverns
  8 tarantellas
  2 vampires
  A hog (shapeshifter) (D:15)
  A basilisk (Lair:5)
  6 vampire mosquitoes
  4 wargs
  An acid dragon (D:13)
  A water moccasin (shapeshifter) (D:13)
  14 water moccasins
  2 soldier ants (Spider:3)
  3 sky beasts
  32 orc warriors
  3 ice beasts
  The ghost of Maimakterion the Shield-Bearer, an amateur GnFi of Ru (D:3)
  An eye of draining (D:10)
  3 phantoms
  6 black bears
  A necrophage (D:12)
  22 wolves
  11 ogres
  13 centaurs
  2 big kobolds
  21 bullfrogs
  3 wyvern zombies
  3 wyvern skeletons
  5 scorpions
  4 killer bees (D:10)
  8 wights
  6 electric eels
  3 centaur zombies
  3 draconian simulacra (IceCv)
  5 howler monkeys
  3 bullfrog zombies
  10 hounds
  A quasit (D:7)
  6 jellies
  20 orc priests
  29 orc wizards
  4 bullfrog skeletons
  3 iguanas
  12 worker ants
  3 spriggan simulacra (IceCv)
  A troll simulacrum (IceCv)
  2 hound zombies
  4 gnolls (D:6)
  2 naga simulacra (IceCv)
  An ogre simulacrum (IceCv)
  12 adders
  2 shadow imps
  6 white imps
  2 ufetubi
  2 adder zombies
  2 adder skeletons (D:9)
  4 worms
  A dart slug (D:1)
  2 leopard geckos
  96 orcs
  3 bats
  3 giant cockroaches
  2 hobgoblins
  5 jackals
  14 kobolds
  5 quokkas
  2 ball pythons (D:3)
  2 frilled lizards
  6 goblins
  A jackal zombie (D:7)
  2 leopard gecko skeletons (D:4)
  11 rats
831 creatures vanquished.

Vanquished Creatures (others)
  An orc warrior (D:12)
  A hound (D:14)
  An orc (Orc:1)
  79 fungi
  59 plants
141 creatures vanquished.

Grand Total: 972 creatures vanquished

Notes
Turn   | Place    | Note
-------+----------+-------------------------------------------
     0 | D:1      | marklar909 the Formicid Earth Elementalist began the quest
                  | for the Orb.
     0 | D:1      | Reached XP level 1. HP: 13/13 MP: 3/3
   147 | D:1      | Reached skill level 4 in Earth Magic
   147 | D:1      | Reached XP level 2. HP: 19/19 MP: 3/5
  1026 | D:2      | Reached XP level 3. HP: 24/24 MP: 2/6
  2064 | D:3      | Found a runed translucent gate.
  2064 | D:3      | Found a runed translucent gate.
  2065 | D:3      | Found a runed translucent gate.
  2067 | D:3      | Noticed Maimakterion's ghost (amateur GnFi)
  2102 | D:3      | Reached XP level 4. HP: 30/30 MP: 6/8
  2316 | D:3      | You fall into a shaft and drop 3 floors!
  2376 | D:5      | Entered Level 5 of the Dungeon
  2381 | D:5      | Reached skill level 5 in Earth Magic
  2381 | D:5      | Reached XP level 5. HP: 27/35 MP: 5/10
  2730 | D:5      | Reached XP level 6. HP: 31/42 MP: 7/11
  2865 | D:5      | Learned a level 3 spell: Stone Arrow
  3339 | D:4      | Noticed an ogre
  3345 | D:4      | Killed an ogre
  3345 | D:4      | Reached skill level 6 in Earth Magic
  4330 | D:4      | Reached XP level 7. HP: 21/47 MP: 1/14
  4520 | D:3      | Reached skill level 5 in Spellcasting
  5223 | D:3      | Learned a level 4 spell: Petrify
  5229 | D:3      | Learned a level 5 spell: Lee's Rapid Deconstruction
  5313 | D:5      | Reached skill level 1 in Conjurations
  6631 | D:6      | Found a white marble altar of Elyvilon.
  6701 | D:6      | Reached skill level 7 in Earth Magic
  6701 | D:6      | Reached XP level 8. HP: 53/53 MP: 9/16
  7270 | D:6      | Found a staircase to the Ecumenical Temple.
  7420 | D:6      | Found Soomutt's Weapon Boutique.
  7499 | D:6      | Found a bloodstained altar of Trog.
  8033 | D:7      | Found a runed translucent door.
  8033 | D:7      | Noticed tinescath's ghost (novice GrEE)
  8290 | D:7      | Reached skill level 8 in Earth Magic
  8376 | D:7      | Noticed Maggie
  8381 | D:7      | HP: 3/79 [Maggie/+2 morningstar of flaming (3)]
  8390 | D:7      | Noticed Joseph
  8392 | D:7      | Killed Maggie
  8392 | D:7      | Reached skill level 1 in Fighting
  8392 | D:7      | Reached skill level 1 in Shields
  8392 | D:7      | Reached XP level 9. HP: 15/59 MP: 1/19
  8393 | D:7      | Identified a scroll of acquirement
  8393 | D:7      | Acquired the ring "Lentig" {rPois rN+}
  8418 | D:7      | Killed Joseph
  9569 | D:3      | Killed Maimakterion's ghost
 10054 | D:8      | Reached skill level 9 in Earth Magic
 10101 | D:8      | Reached skill level 1 in Maces & Flails
 10972 | D:8      | Found a hide-covered altar of Uskayaw.
 10972 | D:8      | Found a sparkling altar of Nemelex Xobeh.
 10973 | D:8      | Found a broken altar of Ashenzari.
 10989 | D:8      | Found a shimmering blue altar of Sif Muna.
 11289 | D:8      | Reached XP level 10. HP: 68/68 MP: 11/21
 11992 | D:8      | Reached skill level 10 in Earth Magic
 12744 | D:9      | Reached skill level 5 in Shields
 12778 | D:9      | Found Gaoru's General Store.
 13014 | D:9      | Noticed Erolcha
 13032 | D:10     | Entered Level 10 of the Dungeon
 13032 | D:10     | Noticed an unseen horror
 13040 | D:10     | Found a stormy altar of Qazlal.
 13047 | D:10     | Killed an unseen horror
 13305 | D:9      | Killed Erolcha
 13305 | D:9      | Reached XP level 11. HP: 53/74 MP: 5/24
 13657 | D:9      | Found a burning altar of Makhleb.
 13712 | D:9      | Noticed a cyclops
 14027 | D:9      | Noticed a two-headed ogre
 14045 | D:9      | Killed a two-headed ogre
 14045 | D:9      | Reached skill level 10 in Spellcasting
 14045 | D:9      | Reached skill level 11 in Earth Magic
 14049 | D:9      | Killed a cyclops
 14228 | D:9      | Got a masterwork leather armour
 14244 | D:9      | Acquired a book of the Earth
 14442 | D:9      | Noticed a tengu warrior
 14451 | D:9      | Killed a tengu warrior
 14545 | D:9      | Noticed a centaur warrior
 14548 | D:9      | Killed a centaur warrior
 15019 | D:9      | Got a faintly humming ring mail
 15222 | Temple   | Entered the Ecumenical Temple
 15467 | Temple   | Became a worshipper of the Shining One
 15586 | D:10     | Noticed an unseen horror
 15590 | D:10     | Killed an unseen horror
 15764 | D:10     | Noticed a deep troll
 15786 | D:10     | Reached skill level 5 in Conjurations
 15864 | D:9      | Reached skill level 12 in Earth Magic
 16072 | D:10     | Killed a deep troll
 16072 | D:10     | Reached XP level 12. HP: 59/80 MP: 4/26
 16567 | D:10     | Learned a level 5 spell: Bolt of Magma
 16574 | D:10     | Learned a level 6 spell: Iron Shot
 16581 | D:10     | Learned a level 6 spell: Statue Form
 17416 | D:10     | Noticed an iron troll
 17463 | D:10     | Killed an iron troll
 17756 | D:10     | Noticed an iron troll
 17840 | D:11     | Reached * piety under the Shining One
 17953 | D:11     | Found a flickering gateway to a bazaar.
 17962 | Bazaar   | Entered a bazaar
 17962 | Bazaar   | Found Curont's General Store.
 17962 | Bazaar   | Found Keytipp's Antique Weapon Emporium.
 17963 | Bazaar   | Found Loblemif's Distillery.
 17963 | Bazaar   | Found Niorawk's Assorted Antiques.
 18088 | Bazaar   | Bought a runed cloak for 225 gold pieces
 18102 | Bazaar   | Bought a potion of heal wounds for 90 gold pieces
 18102 | Bazaar   | Bought a potion of heal wounds for 90 gold pieces
 18102 | Bazaar   | Bought a potion of mutation for 144 gold pieces
 18661 | D:11     | Found a staircase to the Lair.
 19136 | D:11     | Identified the +1 leather armour of Untold Secrets {rElec
                  | Regen+ Str+2 Int-2} (You found it on level 9 of the
                  | Dungeon)
 19137 | D:11     | Identified the cursed +0 ring mail "Futeote Oziu" {Dex+2}
                  | (You found it on level 9 of the Dungeon)
 19208 | Lair:1   | Entered Level 1 of the Lair of Beasts
 19810 | Lair:2   | Noticed an eight-headed hydra
 20163 | Lair:2   | Reached skill level 13 in Earth Magic
 20300 | Lair:2   | Killed an eight-headed hydra
 20300 | Lair:2   | Reached XP level 13. HP: 76/88 MP: 28/28
 20521 | Lair:2   | Noticed a six-headed hydra
 20527 | Lair:2   | Killed a six-headed hydra
 20718 | Lair:2   | Reached skill level 1 in Armour
 21169 | Lair:2   | Found a runed translucent gate.
 21169 | Lair:2   | Found a runed translucent gate.
 21169 | Lair:2   | Found a runed translucent gate.
 21169 | Lair:2   | Noticed robertstho's ghost (journeyman GnSu)
 21817 | Lair:2   | Found a snail-covered altar of Cheibriados.
 21924 | Lair:2   | Reached skill level 5 in Stealth
 22659 | Lair:3   | Noticed a five-headed hydra
 22667 | Lair:3   | Killed a five-headed hydra
 22667 | Lair:3   | Reached skill level 5 in Fighting
 22667 | Lair:3   | Reached skill level 5 in Maces & Flails
 22887 | Lair:3   | Reached ** piety under the Shining One
 22920 | Lair:3   | Found a frozen archway.
 22932 | IceCv    | Entered an ice cave
 23642 | IceCv    | Reached *** piety under the Shining One
 24441 | Lair:3   | Reached skill level 5 in Transmutations
 24471 | Lair:3   | Reached XP level 14. HP: 99/99 MP: 30/30
 25214 | Lair:3   | Got a dazzling leather armour
 25397 | Lair:4   | Found a hole to the Spider Nest.
 25713 | Lair:4   | Noticed Nergalle
 25719 | Lair:4   | Killed Nergalle
 25994 | Lair:4   | Found a staircase to the Shoals.
 26802 | Lair:5   | Found a viscous altar of Jiyva.
 26802 | Lair:5   | Found a staircase to the Slime Pits.
 27343 | Lair:6   | Entered Level 6 of the Lair of Beasts
 27362 | Lair:6   | Reached skill level 14 in Earth Magic
 27854 | Lair:6   | Reached **** piety under the Shining One
 27856 | Lair:6   | Reached skill level 10 in Shields
 28124 | Lair:5   | Reached skill level 1 in Invocations
 28525 | Lair:6   | Reached skill level 5 in Dodging
 28900 | Lair:6   | Reached XP level 15. HP: 108/108 MP: 31/31
 29537 | Lair:6   | Identified the +0 leather armour of Pabinkiu {rPois} (You
                  | found it on level 3 of the Lair of Beasts)
 30171 | D:12     | Found a staircase to the Orcish Mines.
 30449 | D:12     | Noticed Urug
 30471 | D:12     | Killed Urug
 31748 | Orc:1    | Entered Level 1 of the Orcish Mines
 32096 | Orc:1    | Found a burning altar of Makhleb.
 32105 | Orc:1    | Reached ***** piety under the Shining One
 32441 | Orc:2    | Entered Level 2 of the Orcish Mines
 33159 | Orc:2    | Reached skill level 10 in Maces & Flails
 33320 | Orc:2    | Found Nogueceu's Antique Armour Shoppe.
 33366 | Orc:2    | Found a burning altar of Makhleb.
 33434 | Orc:2    | Noticed an orc warlord
 34701 | Orc:2    | Killed an orc warlord
 34866 | Orc:2    | Found Qonaoten's Antique Weapon Shop.
 35107 | Orc:2    | Bought a crystal whip for 240 gold pieces
 35163 | Orc:2    | Found a staircase to the Elven Halls.
 35222 | Orc:2    | Found Egangokh's General Store.
 35333 | Orc:2    | Found Mugefi's Jewellery Boutique.
 35707 | D:13     | Reached XP level 16. HP: 118/118 MP: 32/32
 35758 | D:13     | Reached skill level 5 in Invocations
 36611 | D:13     | Identified the +3 whip of Qextuimacu {venom, Stlth+} (You
                  | bought it in a shop on level 2 of the Orcish Mines)
 36674 | D:14     | Found Heihasu's Assorted Antiques.
 37182 | D:14     | Got a jewelled mace
 37184 | D:14     | Identified the +1 mace "Nityff" {holy, rF- rC- MR+++ SInv}
                  | (You found it on level 14 of the Dungeon)
 37535 | D:14     | Found a gate to the Vaults.
 37739 | D:14     | Found a shimmering altar of Xom.
 37739 | D:14     | Noticed Nessos
 37739 | D:14     | Reached ****** piety under the Shining One
 37760 | D:14     | Killed Nessos
 38327 | D:15     | Entered Level 15 of the Dungeon
 38327 | D:15     | Noticed Agnes
 38393 | D:15     | Killed Agnes
 38627 | D:15     | Noticed a fire giant
 38638 | D:15     | Killed a fire giant
 38642 | D:15     | Found a staircase to the Depths.
 39248 | Orc:2    | Bought a scroll of identify for 26 gold pieces
 39248 | Orc:2    | Bought a scroll of enchant weapon for 97 gold pieces
 39462 | D:15     | Learned a level 4 spell: Leda's Liquefaction
 39666 | Spider:1 | Entered Level 1 of the Spider Nest
 39675 | Spider:1 | Reached XP level 17. HP: 126/126 MP: 27/33
 42686 | Spider:3 | Reached skill level 10 in Fighting
 43210 | Spider:2 | HP: 4/128 [entropy weaver (15)]
 43210 | Spider:2 | Slain by an entropy weaver

Illustrated notes

Levels and vault maps discovered:
D:1:      lightli_molten_gateway, layout_loops_ring
D:2:      minmay_alternating_diamond, layout_loops_corners,
          minmay_misc_feat_tower
D:3:      layout_loops_ring, gammafunk_ghost_split
D:4:      layout_basic, serial_curves, eino_curves_02, eino_curves_04
D:5:      layout_cave_pools
D:6:      layout_basic, minmay_temple_entry_from_below_a, serial_shops,
          nicolae_shop_trees, basic_altar, serial_bayou_ford_a,
          trog_hazing_becter
D:7:      layout_basic, hellmonk_ghost_happy_afterlife, uniq_maggie, uniq_joseph
D:8:      layout_basic, nicolae_overflow_quartered_altars
D:9:      minmay_the_grid_triangle_9x9_rhombus_thin
          [minmay_the_grid_triangle_9x9_minimal,
          minmay_the_grid_triangle_9x9_prize_insulated,
          minmay_the_grid_triangle_9x9_shrine,
          minmay_the_grid_triangle_9x9_stretched_checkered], layout_basic,
          serial_shops, nicolae_shop_behind_doors, minivault_15, uniq_erolcha
D:10:     lemuel_troll_bridge, layout_loops_ring, grunt_qazlal_clouds
D:11:     layout_gridville, due_lair_maze_entry_diamond, serial_shops,
          bzr_entry_islet
D:12:     layout_layer_cave, orc_david_3, uniq_urug
D:13:     layout_loops_ring, serial_bayou_pond_a, chequers_jeans,
          minmay_misc_feat_rugged, minivault_28
D:14:     layout_basic, erik_vaults_2, serial_shops,
          nicolae_shop_overgrown_old_shop, kennysheep_flooded_box, uniq_nessos
D:15:     grunt_enter_depths_giant_problem, layout_rooms,
          minmay_misc_feat_columns, small_chamber_with_monster, uniq_agnes
Temple:   eino_narrow_crystal_temple
Lair:1:   layout_big_grid
Lair:2:   layout_long_grid, gammafunk_ghost_necromancy, kennysheep_snail_temple,
          infiniplex_staircase_pool_2, grunt_megastairs_2, lemuel_fruit_fields
Lair:3:   layout_cave_pods, portal_ice_cave_entry_pillars_2,
          infiniplex_staircase_pool, grunt_megastairs_1
Lair:4:   layout_roguey, minmay_shoals_entry_hut, dummy_spider_entry,
          hibernation_bobbens, lemuel_fruit_tree, minmay_lair_oklob_chamber,
          uniq_nergalle
Lair:5:   layout_cave_shapes, slime_altar_1, gauntlet_entry_generic
Lair:6:   grunt_lair_end_beastmaster, layout_big_grid, minivault_27,
          grunt_megastairs_4
Spider:1: layout_spider_delve
Spider:2: layout_spider_delve, guppyfry_spider_mini_2
Spider:3: layout_spider_delve, zaba_antful_of_joy
Orc:1:    layout_caves, basic_altar, nicolae_orc_crystal_geode
Orc:2:    grunt_orc_gardens, layout_caves, grunt_orc_garden, grunt_orc_garden,
          grunt_orc_garden, grunt_orc_garden, special_room,
          nicolae_orc_flooded_monolith, bloody_makhleb

Skill      XL: |  1  2  3  4  5  6  7  8  9 10 11 12 13 14 15 16 17 |
---------------+----------------------------------------------------+-----
Earth Magic    | 4 5 6 7 8 9 10 12 13 14 | 14.6
Dodging        | 2 3 4 5 6 7 8 |  8.9
Spellcasting   | 3 4 5 6 7 9 10 11 12 | 12.7
Stealth        | 3 4 5 |  5.0
Conjurations   | 1 2 3 4 5 6 7 |  7.0
Fighting       | 1 2 3 5 7 8 9 10 | 10.0
Shields        | 1 4 6 8 9 10 11 12 | 12.0
Maces & Flails | 1 2 3 6 8 10 12 | 12.8
Transmutations | 2 5 6 8 9 |  9.7
Armour         | 2 3 |  3.1
Invocations    | 1 4 7 8 |  8.4
Evocations     | |  0.8

Action                   |  1- 3 |  4- 6 |  7- 9 | 10-12 | 13-15 | 16-18 || total
-------------------------+-------+-------+-------+-------+-------+-------++-------
Melee: Unarmed           |     2 |     2 |       |       |       |       ||     4
       Flail             |       |       |    67 |    44 |     3 |       ||   114
       Morningstar       |       |       |       |       |   103 |       ||   103
       Great mace        |       |       |       |       |   638 |   314 ||   952
       Whip              |       |       |       |       |       |   706 ||   706
 Cast: Sandblast         |    45 |    41 |    66 |   108 |    75 |     6 ||   341
       Stone Arrow       |       |    19 |   114 |   237 |   320 |    11 ||   701
       Lee's Rapid Decon |       |       |       |    18 |    32 |     8 ||    58
       Statue Form       |       |       |       |       |    53 |    62 ||   115
       Bolt of Magma     |       |       |       |       |     9 |       ||     9
       Petrify           |       |       |       |       |     6 |       ||     6
       Leda's Liquefacti |       |       |       |       |       |     4 ||     4
 Abil: Dig               |       |       |     1 |     1 |     9 |     5 ||    16
Evoke: Wand              |       |       |       |     4 |     1 |       ||     5
       Phantom mirror    |       |       |       |     1 |     1 |       ||     2
  Use: Scroll            |       |       |    16 |    10 |    13 |    10 ||    49
       Potion            |       |       |     6 |       |     1 |     2 ||     9
 Stab: Sleeping          |       |       |     2 |       |       |       ||     2
Armor: Robe              |     4 |     4 |    19 |       |       |       ||    27
       Skin              |       |       |    33 |       |   376 |   807 ||  1216
       Steam dragon scal |       |       |    12 |    35 |       |       ||    47
       Leather armour    |       |       |       |     7 |   109 |    14 ||   130
Dodge: Dodged            |    13 |    38 |    74 |   120 |   665 |  1367 ||  2277
Block: Kite shield       |       |       |    54 |   159 |   981 |  1216 ||  2410

Table legend: (Time is in decaauts)
 A = Elapsed time spent in this place.
 B = Non-inter-level travel time spent in this place.
 C = Inter-level travel time spent in this place.
 D = Time resting spent in this place.
 E = Time spent auto-exploring this place.
 F = Levels seen in this place.
 G = Mean time per level.
                   A        B        C        D        E       F      G
               +--------+--------+--------+--------+--------+-----+--------+
         Total |  45536 |  41928 |   3608 |   9531 |  23972 |  29 | 1570.2 |
       Dungeon |  26274 |  24026 |   2248 |   4509 |  15185 |  15 | 1751.6 |
        Temple |    260 |    193 |     67 |      0 |    182 |   1 |  260.0 |
          Lair |   9550 |   8719 |    831 |   1468 |   5704 |   6 | 1591.7 |
   Spider Nest |   3769 |   3647 |    122 |   1332 |   1321 |   3 | 1256.3 |
  Orcish Mines |   4098 |   3760 |    338 |   1454 |   1359 |   2 | 2049.0 |
        Bazaar |    148 |    148 |      0 |    100 |     30 |   1 |  148.0 |
      Ice Cave |   1433 |   1433 |      0 |    667 |    190 |   1 | 1433.0 |
               +--------+--------+--------+--------+--------+-----+--------+

Top non-repeatable levels by time:
     D:8: 2892 daAuts
     D:9: 2880 daAuts
    D:10: 2538 daAuts
   Orc:1: 2512 daAuts
Spider:2: 2271 daAuts
  Lair:2: 2211 daAuts
    D:12: 2186 daAuts
     D:4: 1996 daAuts
    D:14: 1910 daAuts
  Lair:6: 1890 daAuts
     D:6: 1776 daAuts
  Lair:5: 1765 daAuts
   Orc:2: 1586 daAuts
    D:13: 1559 daAuts
    D:11: 1530 daAuts
